Map: 国王藏宝地-天梯版

Players

Dark - Winner!

  • Race: Zerg Zerg
  • League: Gold

Drager

  • Race: Protoss Protoss
  • League: Diamond

Event: WESG 2018 Grand Finals

VOD

Have the link to the VOD?

Description

Time

  • Played on: March 11, 2019, 3:53 a.m.
  • Length: 9:59

All games in this series

Show
View Real Time Build Order
Export as new Build Order

Dark Zerg - Winner!

Build Orders: Hatch First, Roach Nydus 

Get SALT Encoding   

  12  0:00  Drone  
  13  0:13  Overlord  
  13  0:18  Drone  
  14  0:31  Drone x2  
  16  0:35  Drone  
  17  0:53  Hatchery  
  17  0:56  Drone  
  17  0:58  Drone  
  18  1:10  Extractor  
  17  1:12  Spawning Pool  
  17  1:17  Drone  
  17  1:19  Drone  
  18  1:31  Drone  
  19  1:41  Drone  
  20  1:48  Hatchery  
  20  1:53  Drone  
  20  2:02  Drone  
  20  2:05  Zergling x2  
  22  2:08  Queen  
  24  2:18  Queen  
  26  2:24  Overlord  
  26  2:30  Drone x2  
  28  2:42  Zergling x2  
  28  2:43  Drone x3  
  32  2:49  Drone  
  33  2:57  Queen  
  35  3:02  Drone  
  36  3:08  Overlord  
  36  3:09  Drone  
  36  3:11  Drone x3  
  39  3:19  Queen  
  41  3:20  Overlord  
  41  3:21  Drone  
  42  3:29  Drone x5  
  47  3:36  Lair  
  47  3:41  Roach Warren  
  47  3:43  Drone  
  47  3:44  Extractor  
  47  3:45  Drone  
  47  3:46  Drone  
  47  3:47  Drone  
  49  3:49  Drone  
  50  3:56  Overlord  
  50  3:57  Drone x2  
  52  4:03  Drone x4  
  52  4:06  Extractor  
  52  4:07  Drone x2, Extractor  
  52  4:09  Drone  
  57  4:14  Overlord  
  57  4:15  Overlord  
  57  4:16  Drone  
  58  4:17  Drone  
  59  4:24  Drone  
  59  4:26  Overlord  
  59  4:27  Overlord  
  60  4:31  Drone  
  60  4:36  Roach x4  
  60  4:37  Overseer  
  69  4:41  Roach x2  
  69  4:43  Roach  
  75  4:46  Roach  
  77  4:53  Roach x2  
  77  4:54  Roach x2  
  85  5:09  Overlord x2  
  85  5:10  Overlord  
  85  5:14  Glial Reconstitution  
  85  5:17  Overseer  
  85  5:26  Overlord, Nydus Network  
  85  5:27  Overlord  
  88  5:28  Roach x3  
  88  5:29  Roach x3  
  95  5:39  Roach x2  
  95  5:40  Roach  
  101  5:45  Roach x3  
  107  5:57  Roach x6  
  113  6:00  Roach  
  113  6:02  Nydus Canal  
  121  6:09  Roach x2  
  121  6:10  Overlord  
  121  6:11  Overseer  
  125  6:12  Roach  
  125  6:13  Roach  
  129  6:19  Overlord  
  129  6:32  Nydus Canal  
  125  6:33  Roach x2  
  125  6:39  Roach x4  
  127  6:40  Roach  
  127  6:41  Roach x2  
  127  6:43  Roach  
  127  6:47  Roach  
  105  6:59  Nydus Canal  
  105  7:03  Roach x2  
  109  7:08  Drone x2  
  109  7:09  Drone x2  
  109  7:12  Drone x3  
  109  7:13  Nydus Canal  
  116  7:17  Queen x2, Drone x2  
  122  7:23  Drone  
  122  7:28  Drone x2  
  125  7:35  Overlord  
  125  7:37  Extractor  
  125  7:38  Spire, Extractor  
  122  7:47  Roach x3  
  122  7:48  Roach x2  
  132  7:52  Roach, Hatchery  
  133  7:59  Roach x2  
  133  8:02  Roach  
  137  8:16  Roach x3  
  137  8:18  Nydus Canal  
  145  8:20  Roach x4  
  145  8:22  Overlord  
  145  8:24  Overlord x4  
  145  8:26  Metabolic Boost  
  151  8:35  Overlord  
  151  8:37  Nydus Canal  
  151  8:40  Overlord x2  
  151  8:50  Mutalisk x5  
  151  8:54  Mutalisk  
  163  8:58  Nydus Canal  
  163  9:00  Zergling x10  
  168  9:06  Roach x4  
  168  9:07  Zergling x4  
  178  9:12  Nydus Canal  
  178  9:17  Roach x2  
  178  9:18  Roach x3  
  178  9:20  Roach  
  190  9:24  Roach  
  190  9:25  Roach  
  190  9:29  Roach x2  
  190  9:30  Roach  
  196  9:36  Roach x3  
  200  9:42  Zergling x6  
Show
View Real Time Build Order
Export as new Build Order

Drager Protoss 

Build Orders: 1 Gate Expand, Archon Immortal, Archon Drop, Dark Templar Rush 

Get SALT Encoding   

  12  0:00  Probe  
  13  0:12  Probe  
  14  0:18  Pylon  
  14  0:24  Probe  
  15  0:32  Probe  
  15  0:39  Gateway  
  15  0:40  Probe  
  16  0:48  Assimilator  
  17  0:51  Probe  
  18  1:03  Probe  
  19  1:15  Probe  
  20  1:25  Nexus  
  20  1:35  Cybernetics Core  
  20  1:37  Probe  
  21  1:44  Assimilator  
  21  1:50  Probe  
  21  1:52  Pylon  
  22  2:02  Probe  
  22  2:03  Adept  
  23  2:14  Probe  
  23  2:15  Warp Gate  
  26  2:24  Twilight Council  
  26  2:26  Probe  
  27  2:33  Stalker, Probe  
  27  2:34  Probe  
  30  2:41  Probe  
  30  2:42  Probe  
  33  2:53  Robotics Facility  
  33  2:55  Probe  
  33  2:57  Probe  
  35  3:07  Probe  
  35  3:11  Probe  
  36  3:19  Probe  
  37  3:24  Dark Shrine, Probe  
  38  3:31  Probe  
  39  3:36  Warp Prism  
  39  3:40  Gateway  
  40  3:41  Gateway  
  40  3:43  Gateway  
  40  3:48  Probe  
  42  3:51  Probe  
  42  3:55  Pylon  
  43  4:00  Probe  
  43  4:02  Assimilator  
  44  4:03  Probe  
  44  4:04  Assimilator  
  45  4:12  Pylon, Probe  
  45  4:15  Probe  
  47  4:22  Pylon  
  47  4:24  Probe  
  47  4:27  Probe  
  49  4:36  Probe  
  50  4:39  Probe  
  50  4:40  Dark Templar x3  
  50  4:41  Dark Templar  
  50  4:45  Archon x2  
  59  4:56  Immortal  
  63  5:09  Nexus  
  63  5:11  Pylon  
  63  5:15  Charge  
  63  5:17  Forge  
  63  5:26  Immortal  
  67  5:47  Gateway  
  67  5:49  Gateway x2  
  67  5:54  Gateway  
  67  5:55  Sentry x3  
  67  5:56  Sentry  
  75  6:02  Pylon  
  75  6:12  Immortal  
  75  6:20  Protoss Ground Weapons Level 1  
  75  6:25  Zealot  
  79  6:33  Zealot x3  
  74  6:48  Zealot  
  74  6:50  Probe  
  74  6:51  Probe  
  74  6:55  Warp Prism  
  74  6:56  Zealot x2  
  74  6:59  Pylon  
  78  7:02  Zealot  
  81  7:09  Pylon  
  81  7:22  Immortal  
  77  7:23  Pylon  
  77  7:24  Pylon  
  77  7:29  Zealot x5  
  83  7:45  Zealot  
  83  7:50  Zealot x4  
  93  7:59  Pylon  
  90  8:14  Zealot x4  
  98  8:28  Zealot  
  98  8:29  Zealot  
  102  8:37  Observer  
  102  8:39  Zealot x4  
  110  8:54  Pylon  
  110  8:55  Pylon  
  110  9:07  Pylon  
  110  9:12  Probe  
  110  9:14  Zealot x3  
  110  9:15  Zealot x3  
  105  9:36  Zealot x6  
Tags
 
Add a new tag
Caveats
  • Supply blocks, unpowered buildings, or Contaminate may cause inaccurate times.
  • Supply counts are checked every 10 seconds.